Cogmind - Beta 14 @@@ ROGUE MODE // 2024.08.26 @ 19:10:41 Player: Coronach Result: Destroyed by G-47 Trooper with Particle Gun Performance ------------- Evolutions (0) 0 Regions Visited (2) 400 Robots Destroyed (7) 35 Value Destroyed (83) 83 Prototype IDs (0) 0 Alien Tech Used (0) 0 Bonus (-36) -36 TOTAL SCORE: 482 Bonus ------- Friendly Fire -36 Cogmind --------- Core Integrity 0/250 Matter 241/300 Energy 310/310 System Corruption 0% Temperature Cool (51) Movement Treading (160) Location -10/Mines Parts ------- > --- POWER (1) -------- Fission Core > --- PROPULSION (2) --- Light Treads > --- UTILITY (2) ------ Small Storage Unit Seismic Detector > --- WEAPON (2) ------- Medium Laser Assault Rifle > --- INVENTORY (8) ---- Light Treads Compact Wheel Plasma Cutter Heavy Hammer Peak State ------------ > --- POWER ------------ Ion Engine > --- PROPULSION ------- Aluminum Leg Flexi-carbon Leg > --- UTILITY ---------- Small Storage Unit Weight Redist. System > --- WEAPON ----------- Assault Rifle Grenade Launcher > --- INVENTORY -------- Light Ion Engine Light Treads Light Treads Compact Wheel Medium Laser Assault Rifle Plasma Cutter Heavy Hammer [Rating: 13] Favorites ----------- Power Ion Engine Engine Ion Engine Power Core Fission Core Propulsion Aluminum Leg Treads Light Treads Leg Aluminum Leg Utility Small Storage Unit Device Weight Redist. System Storage Small Storage Unit Weapon Assault Rifle Energy Gun Medium Laser Ballistic Gun Assault Rifle Launcher Grenade Launcher Build | -11 -10 -10 ------- Run | Yrd Mat Min Slots Evolved . | . . . Power . | . . . Propulsion . | . . . Utility . | . . . Weapon . | . . . Parts Attached 12 | . 5 7 Power 1 | . . 1 Engine . | . . . Core 1 | . . 1 Reactor . | . . . Propulsion 2 | . . 2 Treads 1 | . . 1 Leg 1 | . . 1 Wheel . | . . . Hover . | . . . Flight . | . . . Utility 2 | . 1 1 Device 2 | . 1 1 Storage . | . . . Processor . | . . . Hackware . | . . . Protection . | . . . Artifact . | . . . Weapon 7 | . 4 3 Energy Gun 1 | . . 1 Energy Cannon . | . . . Ballistic Gun 3 | . 2 1 Ballistic Cannon . | . . . Launcher 3 | . 2 1 Special Weapon . | . . . Impact Weapon . | . . . Slashing Weapon . | . . . Piercing Weapon . | . . . Special Melee Weapon . | . . . Unidentified Prototypes . | . . . Parts Lost 5 | . . 5 Power 1 | . . 1 Propulsion 2 | . . 2 Utility . | . . . Weapon 2 | . . 2 Highest Loss Streak 5 | . . 5 To Critical Strikes . | . . . Average Slot Usage (%) 90 | . 97 86 Engine 8 | . 14 4 Core 3 | . . 6 Treads 5 | . . 8 Leg 17 | . 28 10 Device 13 | . 12 14 Storage 14 | . 14 14 Energy Gun 5 | . . 9 Ballistic Gun 18 | . 26 13 Launcher 3 | . 2 4 Peak Build Rating 13 | . 9 13 Average Rating 9 | . 8 9 On Entrance 7 | 6 6 9 Naked Turns . | . . . Heaviest Build 20 | 14 15 20 Greatest Support 36 | 20 26 36 Greatest Overweight (x) . | . . . Average Overweight (x) . | . . . Largest Inventory Capacity 8 | . 8 8 Average Capacity 8 | . 8 8 Most Carried 8 | . 8 8 Average Carried 6 | . 7 5 Final Capacity 8 | 8 8 8 Final Carried 8 | 6 8 4 Class Distribution -------------------- 100% | Mutant Dominant Class ---------------- Mutant | -10/Materials Mutant | -10/Mines Resources | -11 -10 -10 ----------- Run | Yrd Mat Min Matter Collected 429 | 200 122 107 Remotely . | . . . Salvage Created 239 | . 157 82 Parts 12 | . 8 4 Haulers Intercepted . | . . . Recyclers Shooed 1 | . 1 . Parts Field Recycled . | . . . Retrieved Matter . | . . . Parts Self-Destructed . | . . . Prevented . | . . . Kills | -11 -10 -10 ------- Run | Yrd Mat Min Combat Hostiles Destroyed 22 | . 3 19 Guns 1 | . . 1 AOE 21 | . 3 18 Classes Destroyed 5 | . 2 3 Tunneler 1 | . . 1 Recycler 2 | . 2 . Swarmer 3 | . 3 . Grunt 1 | . . 1 Assembled 18 | . . 18 Best Kill Streak 18 | . 5 18 Combat Bots Only 18 | . 3 18 Max Kills in Single Turn 4 | . 1 4 Gunslinging . | . . . Exploded 4 | . 1 4 Melee . | . . . Uniques/NPCs Destroyed . | . . . Combat | -11 -10 -10 -------- Run | Yrd Mat Min Hostile Shots Fired 52 | . 5 47 Missed 16 | . 3 13 Damage Taken 986 | . 17 969 Core 262 | . . 262 Absorbed by Shields . | . . . Core Remaining (%) 100 | 100 . . Volleys Fired 24 | . 8 16 Largest 2 | . 2 2 Hottest 70 | . 40 70 Shots Fired 30 | . 10 20 Gun 12 | . 4 8 Cannon . | . . . Launcher 18 | . 6 12 Special . | . . . Kinetic 8 | . 4 4 Thermal 4 | . . 4 Explosive 18 | . 6 12 Electromagnetic . | . . . Robot Hit Streak 11 | . 3 11 Robot Miss Streak 4 | . 1 4 Penetration Max . | . . . Secondary Targets . | . . . Shots Hit Robots 16 | . 4 12 Core Hits 63 | . 7 56 Critical Kills . | . . . Critical Parts Destroyed . | . . . Critical Strikes . | . . . Melee Attacks . | . . . Impact . | . . . Slashing . | . . . Piercing . | . . . Sneak Attacks . | . . . Combat Hostiles . | . . . Follow-up Attacks . | . . . Damage Inflicted 1618 | . 233 1385 Guns 123 | . 28 95 Cannons . | . . . Explosions 1490 | . 205 1285 Melee . | . . . Ramming 5 | . . 5 Kinetic 74 | . 28 46 Thermal 49 | . . 49 Explosive 1490 | . 205 1285 Electromagnetic . | . . . Impact . | . . . Slashing . | . . . Piercing . | . . . Highest Corruption . | . . . Average Corruption . | . . . Corruption Purged . | . . . Corruption Blocked . | . . . Overload Shots . | . . . Overflow Damage 23 | . . 23 Projectiles . | . . . Explosions 23 | . . 23 Melee . | . . . Knockbacks . | . . . Impact . | . . . Kinetic . | . . . Secondary . | . . . Self-Inflicted Damage 34 | . . 34 Shots 1 | . . 1 Rammed 4 | . . 4 Targets Rammed 4 | . . 4 Kicked . | . . . Crushed . | . . . Highest Temperature 42 | . . 42 Average Temperature 16 | . . 16 Received Heat Transfer 73 | . . 73 Siege Activations . | . . . Robots Corrupted . | . . . Combat Hostiles . | . . . Parts Fried . | . . . Impact Corruptions . | . . . Robots Melted . | . . . Combat Hostiles . | . . . Parts Melted . | . . . Heat Transferred 148 | . . 148 Parts Sabotaged . | . . . Parts Stolen . | . . . Parts Stripped . | . . . Power Chain Reactions . | . . . Alert | -11 -10 -10 ------- Run | Yrd Mat Min Peak Influence 125 | . 125 121 Initial 48 | . . 48 Average 72 | . 39 95 Maximum Alert Level . | . . . Low Security (%) 100 | . 100 100 Level 1 . | . . . Level 2 . | . . . Level 3 . | . . . Level 4 . | . . . Level 5 . | . . . High Security . | . . . Max Security . | . . . Squads Dispatched . | . . . Investigation . | . . . Extermination . | . . . Reinforcement . | . . . Assault . | . . . Garrison . | . . . Intercept . | . . . Searches Triggered . | . . . Construction Impeded . | . . . Haulers Reinforced . | . . . Active Scanning Responses . | . . . Cargo Convoy Interrupts . | . . . Stealth | -11 -10 -10 --------- Run | Yrd Mat Min Distress Signals . | . . . Communications Jammed . | . . . Distress Signals . | . . . Times Spotted 28 | . 4 24 Peak Tracking Total 16 | . 3 16 Tactical Retreats 1 | . . 1 Traps | -11 -10 -10 ------- Run | Yrd Mat Min Traps Triggered . | . . . Indirectly . | . . . Trap Hack Attempts . | . . . Triggered . | . . . Disarmed . | . . . Reprogrammed . | . . . Reused . | . . . Traps Extracted . | . . . Installed . | . . . Triggered . | . . . Machines | -11 -10 -10 ---------- Run | Yrd Mat Min Machines Disabled . | . . . Max in Single Turn . | . . . Machines Repaired . | . . . Machines Dismantled . | . . . Machines Sabotaged . | . . . Overloaded Fab Kills . | . . . Hacking | -11 -10 -10 --------- Run | Yrd Mat Min Machines Accessed 1 | . 1 . Terminals 1 | . 1 . Fabricators . | . . . Repair Stations . | . . . Recycling Units . | . . . Scanalyzers . | . . . Garrison Access . | . . . Total Hacks 2 | . 2 . Successful . | . . . Failed 2 | . 2 . Catastrophic . | . . . Database Lockouts . | . . . Manual 2 | . 2 . Terminals 2 | . 2 . Fabricators . | . . . Repair Stations . | . . . Recycling Units . | . . . Scanalyzers . | . . . Garrison Access . | . . . Terminal Hacks . | . . . Fabricator Hacks . | . . . Repair Station Hacks . | . . . Recycling Unit Hacks . | . . . Scanalyzer . | . . . Garrison Access Hacks . | . . . Unauthorized Hacks . | . . . Terminals . | . . . Fabricators . | . . . Repair Stations . | . . . Recycling Units . | . . . Scanalyzers . | . . . Garrison Access . | . . . Data Cores Recovered . | . . . Used . | . . . Hacking Detections 1 | . 1 . Full Trace Events . | . . . Feedback Events . | . . . Feedback Blocked . | . . . Robot Schematics Acquired . | . . . Robots Built . | . . . Authchips . | . . . Time . | . . . Total Robot Build Rating . | . . . Part Schematics Acquired . | . . . Parts Built . | . . . Authchips . | . . . Time . | . . . Total Part Build Rating . | . . . Parts Repaired . | . . . Time . | . . . Parts Recycled . | . . . Recycled Matter . | . . . Retrieved Matter . | . . . Retrieved Components . | . . . Parts Scanalyzed . | . . . Part Schematics Acquired . | . . . Parts Damaged . | . . . Bothacking | -11 -10 -10 ------------ Run | Yrd Mat Min Used RIF Installer . | . . . Robots Hacked . | . . . Non-combat . | . . . Combat . | . . . Robot Hacks Applied . | . . . Relay Couplers Released . | . . . Fabnet Peak Effective % . | . . . Robots Rewired . | . . . Allies Hacked . | . . . Hacks Repelled . | . . . Allies | -11 -10 -10 -------- Run | Yrd Mat Min Total Allies . | . . . Largest Group . | . . . Highest-Rated Group . | . . . Highest-Rated Ally . | . . . Total Orders . | . . . Ally Attacks . | . . . Total Damage . | . . . Kills . | . . . Allies Corrupted . | . . . Allies Melted . | . . . Intel | -11 -10 -10 ------- Run | Yrd Mat Min Robot Analysis Total . | . . . Derelict Logs Recovered 1 | . . 1 Drone Launches . | . . . Drone Recoveries . | . . . Exploration | -11 -10 -10 ------------- Run | Yrd Mat Min Turns Passed 349 | . 145 204 Spaces Moved 191 | 1 89 101 Core . | . . . Treads 63 | . . 63 Legs 128 | 1 89 38 Wheels . | . . . Hover . | . . . Flight . | . . . Fastest Speed 120 | 120 120 120 Average Speed 133 | 120 120 144 Slowest Speed 160 | 120 120 160 Overloaded Moves . | . . . Propulsion Burnouts . | . . . Robots Hopped . | . . . Cave-ins Triggered . | . . . Exploration Rate (%) 12 | 2 17 17 Regions Visited 2 Branch Regions 1 Pre-discovered Areas . | . . . Known Exits Taken . | . . . Unknown Exits Taken 2 | 1 1 . Scrap Searched 1 | . . 1 Spaces Dug 8 | . 8 . Terrain Destroyed 119 | . 42 77 Melee . | . . . Projectile . | . . . AOE 119 | . 42 77 Terrain Rammed . | . . . Walls Destroyed . | . . . Machines Disabled . | . . . Actions | -11 -10 -10 --------- Run | Yrd Mat Min Total 254 | . 115 139 Wait 16 | . 10 6 Move 189 | . 88 101 Hop . | . . . Pick Up 4 | . 3 1 Fast Attach 2 | . 1 1 Attach 4 | . . 4 Detach 1 | . . 1 Swap 6 | . 4 2 Drop 4 | . 1 3 Fire 24 | . 8 16 Melee . | . . . Ram . | . . . Kick . | . . . Crush 4 | . . 4 Escape Stasis . | . . . Rewire . | . . . Trap . | . . . Miscellaneous . | . . . Route ------- -11/Scrapyard -10/Materials -10/Mines History --------- Turn | Location | Event 1 | -11/Scrapyard | Discovered new exit (range 0) 1 | -11/Scrapyard | Entered Materials 128 | -10/Materials | Discovered new exit (range 16) 146 | -10/Materials | Entered Mines 147 | -10/Mines | Assembled infested the area 149 | -10/Mines | Learned 2 Materials zone layouts 152 | -10/Mines | Assisted by a Guerilla fighting off Assembled 159 | -10/Mines | Met a Derelict bent on vengeance 211 | -10/Mines | Destroyed 18 combat bots 226 | -10/Mines | Core integrity fell below 50% 232 | -10/Mines | Core integrity fell below 20% 254 | -10/Mines | Lost 5 parts (1p2n2w) 300 | -10/Mines | Build established: Mutant 350 | -10/Mines | Destroyed by G-47 Trooper with Particle Gun Last Messages --------------- 00241_ The unstable cave ceiling collapses. 00246_ Acquired 40 matter. 00249_ T-07 Excavator destroyed. 00252_ The unstable cave ceiling collapses. 00252_ Acquired 4 matter. 00253_ K-01 Serf collects debris. 00253_ Acquired 13 matter. 00257_ Acquired Seismic Detector. 00258_ K-01 Serf collects debris. 00259_ Dropped Weight Redist. System. 00261_ K-01 Serf collects debris. 00278_ The unstable cave ceiling collapses. 00280_ K-01 Serf collects debris. 00282_ The unstable cave ceiling collapses. 00283_ K-01 Serf collects debris. 00317_ U-05 Engineer lays Concrete. 00326_ U-05 Engineer builds a Wall. 00330_ The unstable cave ceiling collapses. 00331_ U-05 Engineer lays Concrete. 00333_ U-05 Engineer builds a Wall. Map ----- +----------------------------------------------------+ | ????????????????# ????????????????????????? | | ????????####????# #?????????????????????????? | | ???????## ##???# #??????????????????????????? | | ??????## ##??## #??????????????????????????? | | ????### ##??### #??????????????????????????? | | ???## #????#|!#??????????????????????????? | | ???# " #????# #??????????????????????????? | | ???# ####??# #??????????????????????????? | | ???# #??# #??????????????????????????? | | ????# ## #### #??????????????????????????? | | ????##### # ##?????????????????????????? | | ???????### # ## ####???????????????????????? | | ???????# ## #???????????????????????? | | ???????## # #???????????????????????? | | ????????# #???????????????????????? | | ????????## # #???????????????????????? | | ?????????## # ## ##??????????????????????? | | ??????????# # # #??????????????????????? | | ?????????# # ###??????????????????????? | | ?????????#### # # # #????????????????????????? | | ????????????# # #????????????????????????? | | ????????????# ## #?????????#??????????????? | | ????????????# ### # ##??????? #??????????????? | | ????????????# # ### #????? #??????????????? | | ????????????# ######## #??????????????? | | ????????????### # @ #??????????????? | | ?????????????# # ####### ## ???????? | | ?????????????#########??# #??? #???????? | | ????????????????????????# #????? #????????? | | ????????????????????????# #??????? ##????????? | | ????????????????????????# #????????? ##?????????? | | ????????????????????????# #???????????#??????????? | | ????????????????????????#g#??????????????????????? | | ????????????????????????# #??????????????????????? | | ????????????????????????? ???????????????????????? | | ????????????????????????? ???????????????????????? | | ????????????????????????? ???????????????????????? | | ????????????????????????? ???????????????????????? | | ????????????????????????? ???????????????????????? | | ????????????????????????? ???????????????????????? | | ?????????????????????????t???????????????????????? | | ?????????????????????????????????????????????????? | | ?????????????????????????????????????????????????? | | ?????????????????????????????????????????????????? | | ?????????????????????????????????????????????????? | | ?????????????????????????????????????????????????? | | ?????????????????????????????????????????????????? | | ?????????????????????????????????????????????????? | | ?????????????????????????????????????????????????? | | ?????????????????????????????????????????????????? | +----------------------------------------------------+ Best States ------------- Heat Dissipation 25 Energy Generation 18 Energy Capacity 310 Matter Stores 300 Matter Capacity 300 Sight Range 16 Terrain Scan Density 10 Additional Mass Support 6 Evasion (%) 55 Recoil Reduction 1 Item Schematics ----------------- None Robot Schematics ------------------ None Fabricated ------------ Nothing Alien Tech Used ----------------- None Achievements -------------- Exterminator Challenges ------------ None Game ------ Seed QuantumProtonFacilitator Manual? 0 Play Time 00:14:43 Cumulative 212.1 hours Start 2024.08.26 @ 18:58:02 End 2024.08.26 @ 19:10:41 Sessions 1 Manual Loads 0 Difficulty Rogue Special Mode None Game No. 82 Rogue 79 Adventurer 0 Explorer 3 Win Type - Total 3 Types 2/0/0/1/0/0/0/0/0 Lore% 27 Gallery% 61 Achievement% 50 Wizard Run 0 Options --------- Layout 2 ASCII 0 Keyboard 1 Movement Numpad Keybinds 0 Fullscreen 2 Font 24/Terminus Map View 76x44 Zoom Use 0% Tactical HUD 1 Map Filters NONE Filters NONE Steam 1 RUN: cb401f27-cf3f-42c1-a643-3f8fc830fff2